AoeStats
← sorryman

Arabia

509913327Analyzed
1v1 RM · 4d ago on Sep 28, 2026· 43m 21s· 2 players
Game mode
Random Map
Map size
Tiny (2 player)
Population
200
Speed
Normal
Resources
Standard
Victory
Conquest
Starting age
Dark Age
Ending age
Imperial Age
RankedLock teamsTeams togetherTeam positionsShared explorationLock speedFull tech treeHidden civsTurbo modeCheats
Victory
Defeat
🇨🇳 Goths · China
1319
+16
🇦🇷 Huns · Argentina
1325
-16
sorryman
0:26 Loom
9:48 Feudal Age
9:50 Man-at-Arms
17:28 Fletching
18:49 Padded Archer Armor
23:47 Castle Age
22:13 Gold Mining
22:46 Scale Barding Armor
23:39 Forging
23:51 Elite Skirmisher
25:18 Bodkin Arrow
26:27 Leather Archer Armor
26:09 Double-Bit Axe
28:31 Husbandry
30:59 Wheelbarrow
31:59 Horse Collar
32:31 Bow Saw
32:52 Hand Cart
33:25 Heavy Plow
38:39 Imperial Age
38:11 Masonry
40:00 Architecture
43:05 Chemistry
maucame
6:39 Loom
9:02 Feudal Age
9:30 Double-Bit Axe
14:56 Fletching
16:05 Padded Archer Armor
17:01 Town Watch
21:15 Castle Age
21:27 Gold Mining
21:17 Crossbowman
21:52 Bodkin Arrow
26:10 Bodkin Arrow
29:06 Leather Archer Armor
32:17 Bloodlines
32:07 Husbandry
33:32 Scale Barding Armor
34:55 Forging
37:35 Chain Barding Armor
42:24 Imperial Age
43:27 Iron Casting
42:30 Cavalier
43:10 Husbandry
Connection lost

Rejoining the realm…

Still unreachable

The connection could not be restored.

Session expired

The server has moved on; the page needs a fresh start.